 Dungeon Crawl Stone Soup version 0.29.1-15-g9cfb28693d (webtiles) character file.

Game seed: 7184342062905748658

520 leafyfresh the Covert (level 7, 0/50 HPs)
             Began as an Octopode Delver on Mar 4, 2023.
             Was an Initiate of Ashenzari.
             Succumbed to an orc wizard's poison
             ... on level 5 of the Dungeon.
             The game lasted 00:01:37 (1881 turns).

leafyfresh the Covert (Octopode Delver)             Turns: 1881, Time: 00:01:38

Health: 0/50       AC:  1    Str: 11    XL:     7   Next: 21%
Magic:  7/7        EV: 14    Int: 15    God:    Ashenzari [......]
Gold:   60         SH:  0    Dex: 13    Spells: 6/6 levels left

rFire   . . .      SeeInvis .   l - +2 dagger (freeze)
rCold   . . .      Faith    .   (no shield)
rNeg    . . .      Spirit   .   (helmet restricted)
rPois   .          Reflect  .   (no amulet)
rElec   .          Harm     .   (no ring)
rCorr   .          Rampage  .   (no ring)
Will    .....                   (no ring)
Stlth   +++++.....              (no ring)
HPRegen 0.16/turn               (no ring)
MPRegen 0.10/turn               (no ring)
                                (no ring)
                                (no ring)

@: lethally poisoned (0 -> -21), flying
A: almost no armour, amphibious, 8 rings, camouflage 1, gelatinous body 1,
(nimble swimmer 1), tentacles
a: Renounce Religion


You were on level 5 of the Dungeon.
You worshipped Ashenzari.
Ashenzari was noncommittal.
You visited 2 branches of the dungeon, and saw 2 of its levels.

You collected 60 gold pieces.

Inventory:

Hand Weapons
 a - a +0 short sword
 l - a +2 dagger of freezing (weapon)
Wands
 f - a wand of digging (3)
 j - a wand of roots (5)
Scrolls
 b - a scroll of fog
 c - a scroll of magic mapping
 d - a scroll of fear
 g - 2 scrolls of identify {unknown}
 h - a scroll of silence {unknown}
 i - a scroll of vulnerability {unknown}
 m - a scroll of brand weapon {unknown}
Potions
 e - a potion of haste


   Skills:
 + Level 5.2 Fighting
 - Level 2.0 Short Blades
 + Level 4.6 Dodging
 + Level 9.0 Stealth


You had 6 spell levels left.
You didn't know any spells.
Your spell library contained the following spells:

 Spells                   Type           Power      Damage    Failure   Level
 Static Discharge         Conj/Air       0%         3-3/arc   38%         2
 Dispel Undead            Necr           0%         3d6       95%         4
 Sticky Flame             Conj/Fire      0%         2d3       95%         4


Dungeon Overview and Level Annotations

Branches:
Dungeon (5/15)             Temple (1/1) D:5

Altars:
Ashenzari
Cheibriados
Elyvilon
Fedhas
Gozag
Hepliaklqana
Kikubaaqudgha
Makhleb
Nemelex Xobeh
Okawaru
Qazlal
Ru
Trog
Uskayaw
Wu Jian
Xom
Zin
The Shining One


Innate Abilities, Weirdness & Mutations

You cannot wear most types of armour.
You are amphibious.
You can wear up to eight rings at the same time.
Your skin changes colour to match your surroundings (Stealth+).
Your rubbery body absorbs attacks. (AC +1, EV +1)
((You are camouflaged when in or above water. (Stealth+)))
You have tentacles for arms and can constrict up to eight enemies at once.


Message History

You hit the orc priest. You freeze the orc priest.
You squeeze the orc priest, but do no damage.
The orc priest is almost dead.
You constrict the orc priest. The orc priest barely misses you.
Unknown command.
You hit the orc priest. You freeze the orc priest.
You kill the orc priest!
You hear some strange, mumbled words.
A magic dart appears from out of thin air!
The magic dart hits you!
Your Stealth skill increases to level 9!
You hit something. You freeze something. Something hits you.
You are poisoned.
You hit something. You freeze something.
You feel sick. Something barely misses you.
You closely miss something.
You feel sick. Something hits you.
You are more poisoned.
You hit something. You freeze something. You squeeze something.
You feel very sick. Something closely misses you.
The orc hits you with a +0 whip.
You barely miss something. Your squeeze misses something.
* * * LOW HITPOINT WARNING * * *
You feel very sick.
You hear some strange, mumbled words.
A puff of flame appears from out of thin air!
The puff of flame misses you. The orc closely misses you.
You miss something. Your squeeze misses something.
* * * LOW HITPOINT WARNING * * *
You feel very sick.
You closely miss something.
* * * LOW HITPOINT WARNING * * *
You feel sick. Something hits you.
* * * LOW HITPOINT WARNING * * *
You are more poisoned.
The orc barely misses you.
Unknown command.
It was a potion of flight.
You feel very buoyant.
You fly up into the air.
You die...

.....'...#
..............
.....#...#
#....#..............
.....#...#
#....#...###..##..>.
.....##### #....#..
#+####... .........#
#....#. ..........
.........# #....#
.......... .........#
#....# #..#######
.........# #..o{#
#########..
.....##### #..@.#
#.......+.. (....#
#....# #.......#..
.....# #...)# ###'#..
.....# #....#
#####...... .[)..#
#....##+##..........
.))..#
#....#.?.#..........
.....#
#...)'...#..........
.....#
##....#####..........
.....#
#...........#########


You could see an orc.

Vanquished Creatures
  Prince Ribbit (D:5)
  A centaur (D:5)
  A scorpion (D:5)
  A jelly (D:5)
  A howler monkey (D:5)
  An orc priest (D:5)
  An iguana (D:5)
  An orc wizard (D:5)
  Ijyb (D:5)
  An adder (D:5)
  A dart slug (D:5)
  4 orcs (D:5)
15 creatures vanquished.

Notes
Turn   | Place    | Note
-------+----------+-------------------------------------------
     0 | D:5      | leafyfresh the Octopode Delver began the quest for the Orb.
     0 | D:5      | Reached XP level 1. HP: 16/16 MP: 1/1
    41 | D:5      | Noticed a howler monkey
    49 | D:5      | Killed a howler monkey
    50 | D:5      | Reached skill level 7 in Stealth
    50 | D:5      | Reached XP level 2. HP: 11/21 MP: 2/2
    50 | D:5      | Reached XP level 3. HP: 13/26 MP: 3/3
   233 | D:5      | Noticed a scorpion
   237 | D:5      | Killed a scorpion
   238 | D:5      | Reached XP level 4. HP: 33/33 MP: 4/4
   239 | D:5      | Found an ancient bone altar of Kikubaaqudgha.
   282 | D:5      | Reached XP level 5. HP: 11/37 MP: 5/5
   548 | D:5      | Noticed Ijyb
   557 | D:5      | Killed Ijyb
   778 | D:5      | Noticed Prince Ribbit
   792 | D:5      | Killed Prince Ribbit
   793 | D:5      | Reached skill level 8 in Stealth
   793 | D:5      | Reached XP level 6. HP: 21/45 MP: 6/6
  1430 | D:5      | Found a staircase to the Ecumenical Temple.
  1442 | Temple   | Entered the Ecumenical Temple
  1741 | Temple   | Became a worshipper of Ashenzari the Shackled
  1818 | D:5      | Reached skill level 5 in Fighting
  1818 | D:5      | Reached XP level 7. HP: 50/50 MP: 7/7
  1874 | D:5      | Reached skill level 9 in Stealth
  1881 | D:5      | Succumbed to an orc wizard's poison

Illustrated notes

Levels and vault maps discovered:
D:5:      layout_gridville, kennysheep_little_box,
          minmay_temple_entry_drinking_statues, kennysheep_potato,
          uniq_prince_ribbit1, uniq_ijyb
Temple:   minmay_temple_bridge_d

Skill      XL: |  1  2  3  4  5  6  7 |
---------------+----------------------+-----
Stealth        | 7 8 9 |  9.0
Dodging        | 3 4 |  4.6
Fighting       | 4 5 |  5.2
Short Blades   | |  2.0

Action                   |  1- 3 |  4- 6 |  7- 9 || total
-------------------------+-------+-------+-------++-------
Melee: Short sword       |     9 |    29 |       ||    38
       Tentacles         |     3 |    11 |     4 ||    18
       Constrict         |     2 |     8 |     2 ||    12
       Dagger            |       |     9 |    13 ||    22
  Use: Potion            |       |       |     1 ||     1
 Stab: Sleeping          |     1 |     3 |       ||     4
Dodge: Dodged            |     3 |    29 |     7 ||    39
